 Dungeon Crawl Stone Soup version 0.30-a0-702-gdf48620a09 (webtiles) character file.

Game seed: 15576916218882591735

7137 Laraso the Thaumaturge (level 11, -1/73 HPs)
             Began as a Djinni Fire Elementalist on Jan 21, 2023.
             Was an Elder of Makhleb.
             Slain by a two-headed ogre
             ... wielding a +0 giant club
              (11 damage)
             ... on level 10 of the Dungeon.
             The game lasted 00:13:55 (9635 turns).

Laraso the Thaumaturge (Djinni Fire Elementalist)   Turns: 9635, Time: 00:13:56

Health: -1/73      AC: 13    Str: 17    XL:     11   Next: 31%
Gold:   361        EV: 13    Int: 21    God:    Makhleb [****..] SH:  0 Dex: 14

rFire   + + .      SeeInvis +    a - +3 flail (protect)
rCold   . . .      Faith    .    (no shield)
rNeg    . . .      Spirit   .    A - +4 ring mail of Zin, Sharing {Will++ rCorr Str-2 SInv}
rPois   ∞          Reflect  .    n - +2 hat
rElec   .          Harm     .    v - +0 cloak
rCorr   +          Rampage  .    (no gloves)
Will    +++..                    (boots unavailable)
Stlth   +                        (no amulet)
HPRegen 0.32/turn                F - +6 ring of strength
MPRegen 0.00/turn                e - ring "Tuveopus" {rC+ Str+6}

@: flying
A: sickness immunity, fire resistance 2, cold vulnerability 1, float, innate
caster, HP casting, extra vitality 1
a: Renounce Religion, Minor Destruction, Lesser Servant of Makhleb, Major
Destruction


You were on level 10 of the Dungeon.
You worshipped Makhleb.
Makhleb was greatly pleased with you.
You visited 1 branch of the dungeon, and saw 10 of its levels.
You also visited: Sewer and Ossuary.

You collected 361 gold pieces.

Inventory:

Hand Weapons
 a - a +3 flail of protection (weapon)
 u - a +3 quarterstaff of chaos
Missiles
 t - a throwing net
Armour
 g - a +2 robe of cold resistance
 n - a +2 hat (worn)
 v - a +0 cloak (worn)
 x - +0 steam dragon scales
 A - the +4 ring mail of Zin, Sharing (worn) {Will++ rCorr Str-2 SInv}
   (You found it on level 7 of the Dungeon)

   Str:       It affects your strength (-2).
   SInv:      It lets you see invisible.
   rCorr:     It protects you from acid and corrosion.
   Will:      It greatly increases your willpower.
Jewellery
 e - the ring "Tuveopus" (right hand) {rC+ Str+6}
   (You found it on level 3 of the Dungeon)

   [ring of strength]

   Str:       It affects your strength (+6).
   rC:        It protects you from cold.
 f - a ring of positive energy
 F - a +6 ring of strength (left hand)
Wands
 E - a wand of charming (3)
 I - a wand of polymorph (5)
Scrolls
 c - 2 scrolls of summoning
 h - 2 scrolls of enchant weapon
 j - 3 scrolls of teleportation
 l - 4 scrolls of fear
 p - a scroll of blinking
 w - a scroll of immolation {unknown}
 y - a scroll of brand weapon {unknown}
 z - 3 scrolls of identify
 C - 2 scrolls of magic mapping
Potions
 b - a potion of haste
 d - a potion of cancellation
 i - 4 potions of might
 k - 4 potions of resistance
 m - 6 potions of curing
 o - 5 potions of heal wounds {unknown}
 r - a potion of invisibility
 s - a potion of berserk rage {unknown}
 B - 2 potions of lignification {unknown}
 G - a potion of brilliance {unknown}
Miscellaneous
 q - a box of beasts
 D - a lightning rod (4/4)
 H - a phial of floods


   Skills:
 - Level 4.0 Fighting
 - Level 4.0 Maces & Flails
 - Level 5.0 Armour
 - Level 7.0 Dodging
 - Level 2.0 Stealth
 * Level 8.6 Spellcasting
 - Level 7.0 Invocations
 - Level 3.0 Evocations


You couldn't memorise any spells.
You knew the following spells:

 Your Spells              Type           Power      Damage    Failure   Level
a - Foxfire               Conj/Fire      100%       2x1d9     1%          1
b - Scorch                Fire           90%        2d9       1%          2
c - Kindle Blastsparks    Fire/Tloc/Air  90%        2d17      1%          3
d - Inner Flame           Hex/Fire       45%        N/A       1%          3
e - Flame Wave            Conj/Fire      45%        2d12      3%          4
f - Shock                 Conj/Air       100%       1d9       1%          1
g - Ensorcelled Hibernat  Hex/Ice        90%        N/A       1%          2
h - Vampiric Draining     Necr           45%        2d9       1%          3
i - Passage of Golubria   Tloc           45%        N/A       3%          4
j - Manifold Assault      Tloc           45%        N/A       3%          4
Your spell library was empty.

Dungeon Overview and Level Annotations

Branches:
Dungeon (10/15)            Temple (0/1) D:5            Lair (0/5) D:8
  Sewer (visited)         Ossuary (visited)
    Orc: D:9-12

Altars:
Dithmenos
Hepliaklqana
Makhleb

Shops:
D:1 [   D:4 [   D:7 :   D:9 [*


Innate Abilities, Weirdness & Mutations

You are immune to sickness and miasma.
You are immune to poison.
Your flesh is very heat resistant. (rF++)
You are vulnerable to cold. (rC-)
You float through the air rather than walking.
You learn spells naturally, not from books.
Your magical power is your life essence.
You have superior vitality. (+4 MHP)


Message History

Flames lash the two-headed ogre.
The two-headed ogre is lightly wounded.
The two-headed ogre's fire resistance burns away.
Casting: Scorch (safe; 1% risk of failure)
Confirm with . or Enter, or press ? or * to list all spells.
Flames lash the two-headed ogre.
The two-headed ogre is burned terribly!
The two-headed ogre is moderately wounded.
The two-headed ogre hits you with a +0 giant club!
The two-headed ogre hits you with a +0 giant club.
Casting: Scorch (safe; 1% risk of failure)
Confirm with . or Enter, or press ? or * to list all spells.
Flames lash the orc wizard.
The orc wizard is severely wounded.
The orc wizard's fire resistance burns away.
You hear an angry hiss.
Casting: Scorch (safe; 1% risk of failure)
Confirm with . or Enter, or press ? or * to list all spells.
Casting: Flame Wave (dangerous; 3% risk of failure)
Press: ? - help, Dir - look around, f - activate A wave of flame ripples out!
The flame wave engulfs the two-headed ogre.
The two-headed ogre is burned terribly!
The two-headed ogre is moderately wounded. (Press . to intensify the flame waves.)
* * * LOW HITPOINT WARNING * * *
The two-headed ogre completely misses you.
The two-headed ogre hits you with a +0 giant club!
* * * LOW HITPOINT WARNING * * *
Unknown command.
A wave of flame ripples out!
The flame wave engulfs the two-headed ogre!!
The two-headed ogre is burned terribly!
The two-headed ogre is severely wounded.
The flame wave engulfs the orc wizard.
The orc wizard is burned terribly!
You kill the orc wizard!
Makhleb accepts your kill.
You feel better.
* * * LOW HITPOINT WARNING * * *
The two-headed ogre hits you with a +0 giant club!
You die...

...# #..# #..#
#..# ##=.# #...#
#.).########
#..@O)......
######..####.....
.......)# ...
......††# .
#######<# #.# #.#
#.# #.#


You could see a two-headed ogre (combustible).

Vanquished Creatures
  Maggie (D:10)
  Psyche (D:8)
  A kobold demonologist (D:9)
  A troll (D:9)
  16 yaks
  A steam dragon (D:7)
  Edmund (D:5)
  2 water moccasins
  A black bear (D:6)
  2 ice beasts
  3 orc warriors
  2 sky beasts
  An ogre (D:5)
  The ghost of TheSexyCheese the Firebug, an amateur DrFE (D:4)
  2 centaurs
  3 kobold brigands (D:9)
  3 elf zombies (Ossuary)
  A gnoll sergeant (D:8)
  4 bullfrogs
  A necrophage (D:7)
  3 scorpions
  6 killer bees (D:7)
  2 howler monkeys
  A centaur zombie (Ossuary)
  4 hounds
  A human zombie (Ossuary)
  5 orc priests
  Crazy Yiuf (D:6)
  A gnoll bouda (D:4)
  2 jellies (D:6)
  2 iguanas (D:4)
  7 orc wizards
  2 mummies (Ossuary)
  15 gnolls
  9 adders
  An ufetubus (D:5)
  An adder zombie (Ossuary)
  A worm (D:3)
  26 orcs
  3 endoplasms
  12 giant cockroaches
  7 goblins
  9 hobgoblins
  4 jackals (D:1)
  4 quokkas
  15 ball pythons
  2 bats (D:3)
  8 frilled lizards
  2 goblin zombies (Ossuary)
  7 hobgoblin zombies (Ossuary)
  2 jackal zombies (Ossuary)
  27 kobolds
  8 kobold zombies (Ossuary)
  12 orc zombies (Ossuary)
  7 rats
  A rat zombie (D:8)
268 creatures vanquished.

Vanquished Creatures (collateral kills)
  A ball python (D:1)
1 creature vanquished.

Vanquished Creatures (others)
  419 foxfires
  2 plants (D:3)
  2 withered plants (D:4)
423 creatures vanquished.

Grand Total: 692 creatures vanquished

Notes
Turn   | Place    | Note
-------+----------+-------------------------------------------
     0 | D:1      | Laraso the Djinni Fire Elementalist began the quest for the
                  | Orb.
     0 | D:1      | Laraso set off with the following spells memorised:
                  | Foxfire, Scorch, Kindle Blastsparks, Inner Flame, Flame
                  | Wave.
     0 | D:1      | Reached XP level 1. HP: 15/15 MP: 0/0
   266 | D:1      | Reached XP level 2. HP: 18/21 MP: 0/0
   476 | D:1      | Reached skill level 3 in Spellcasting
   669 | D:1      | Reached XP level 3. HP: 21/25 MP: 0/0
   669 | D:1      | Learned a level 1 spell: Shock
  1041 | D:1      | Found Nasong's Armour Emporium.
  1047 | D:1      | Found a faded altar of an unknown god.
  2153 | D:2      | You are sucked into a shaft and drop 1 floor!
  2158 | D:3      | Reached XP level 4. HP: 27/31 MP: 0/0
  2607 | D:3      | Identified the ring "Tuveopus" {rC+ Str+6}
  2725 | D:3      | Reached skill level 4 in Spellcasting
  2869 | D:3      | Found a burning altar of Makhleb.
  3064 | D:3      | Became a worshipper of Makhleb the Destroyer
  3141 | D:3      | Reached skill level 1 in Armour
  3297 | D:4      | Found a glowing drain.
  3323 | D:4      | Reached XP level 5. HP: 35/35 MP: 0/0
  3323 | D:4      | Learned a level 2 spell: Ensorcelled Hibernation
  3340 | Sewer    | Entered a sewer
  3527 | Sewer    | Reached * piety under Makhleb
  3592 | Sewer    | Noticed a bullfrog
  3596 | Sewer    | Killed a bullfrog
  3597 | Sewer    | Reached XP level 6. HP: 37/40 MP: 0/0
  3741 | D:4      | Reached skill level 5 in Spellcasting
  3861 | D:4      | Found Vanyar's Antique Armour Emporium.
  4304 | D:4      | Reached XP level 7. HP: 42/45 MP: 0/0
  4304 | D:4      | Learned a level 3 spell: Vampiric Draining
  4562 | D:4      | Found a runed translucent door.
  4562 | D:4      | Noticed TheSexyCheese's ghost (amateur DrFE)
  4842 | D:4      | Killed TheSexyCheese's ghost
  4843 | D:4      | Reached skill level 6 in Spellcasting
  4843 | D:4      | Reached skill level 1 in Fighting
  4962 | D:5      | Entered Level 5 of the Dungeon
  5139 | D:5      | Reached XP level 8. HP: 53/54 MP: 0/0
  5179 | D:5      | Noticed Edmund
  5192 | D:5      | Killed Edmund
  5193 | D:5      | Reached skill level 1 in Invocations
  5323 | D:5      | Reached skill level 1 in Evocations
  5373 | D:5      | Found a staircase to the Ecumenical Temple.
  5413 | D:5      | Noticed a shadow
  5414 | D:5      | Found a shadowy altar of Dithmenos.
  5415 | D:5      | Found a hazy altar of Hepliaklqana.
  5798 | D:6      | Reached ** piety under Makhleb
  6140 | D:6      | Reached XP level 9. HP: 58/58 MP: 0/0
  6140 | D:6      | Learned a level 4 spell: Passage of Golubria
  6305 | D:6      | Found a runed translucent door.
  6306 | D:6      | Noticed Crazy Yiuf
  6319 | D:6      | Killed Crazy Yiuf
  6511 | D:7      | Reached skill level 7 in Spellcasting
  6795 | D:7      | Reached skill level 8 in Spellcasting
  6899 | D:7      | Found Qoschaph's Vocational Training.
  7179 | D:7      | Identified the +4 ring mail of Zin, Sharing {Will++ rCorr
                  | Str-2 SInv}
  7500 | D:8      | Noticed Psyche
  7505 | D:8      | Killed Psyche
  7506 | D:8      | Reached skill level 5 in Invocations
  7623 | D:8      | Found a sand-covered staircase.
  7654 | D:8      | Reached XP level 10. HP: 56/64 MP: 0/0
  7694 | Ossuary  | Entered an ossuary
  7756 | Ossuary  | Reached *** piety under Makhleb
  8428 | D:8      | Found a staircase to the Lair.
  8470 | D:8      | Reached skill level 5 in Dodging
  8846 | D:9      | Noticed a kobold demonologist
  8852 | D:9      | Reached **** piety under Makhleb
  8855 | D:9      | Reached skill level 5 in Armour
  8855 | D:9      | Killed a kobold demonologist
  8863 | D:9      | Reached skill level 1 in Maces & Flails
  8989 | D:9      | Found Middafiss's Wicked Wares.
  9068 | D:9      | Found Lapn's Armour Boutique.
  9251 | D:9      | Reached XP level 11. HP: 49/71 MP: 0/0
  9251 | D:9      | Learned a level 4 spell: Manifold Assault
  9533 | D:10     | Entered Level 10 of the Dungeon
  9533 | D:10     | Noticed Maggie
  9544 | D:10     | Killed Maggie
  9625 | D:10     | Noticed a two-headed ogre
  9635 | D:10     | Slain by a two-headed ogre

Illustrated notes

Levels and vault maps discovered:
D:1:      saegor_arrival_fortress, layout_basic, serial_shops, shop,
          basic_ecumenical_altar, minmay_box_of_dots
D:2:      layout_loops_ring
D:3:      layout_basic, minitemple, nrook_campfire, minmay_misc_feat_iff,
          minmay_shallow_snake_nest
D:4:      layout_basic, serial_shops, nicolae_shop_crystal,
          cheibrodos_sewer_entry_drain, gammafunk_ghost_grave,
          kennysheep_another_room
D:5:      nicolae_cairo_tiling_large, layout_rooms,
          riverfiend_overflow_shadow_ancestor, minmay_temple_entry_antechambers,
          uniq_edmund
D:6:      layout_cave_pools, uniq_crazy_yiuf_cottage
D:7:      layout_basic, nicolae_shop_vocational
D:8:      layout_basic, lair_entry_dummy, enter_ossuary_3, uniq_psyche
D:9:      layout_rooms, serial_shops, shop, nicolae_evil_shop
D:10:     minmay_distorted_concentric_squares, layout_long_grid, uniq_maggie

Skill      XL: |  1  2  3  4  5  6  7  8  9 10 11 |
---------------+----------------------------------+-----
Spellcasting   | 3 4 5 6 8 |  8.6
Armour         | 1 2 5 |  5.0
Fighting       | 2 3 4 |  4.0
Dodging        | 3 4 7 |  7.0
Stealth        | 2 |  2.0
Invocations    | 4 6 7 |  7.0
Evocations     | 3 |  3.0
Maces & Flails | 2 4 |  4.0

Action                   |  1- 3 |  4- 6 |  7- 9 | 10-12 || total
-------------------------+-------+-------+-------+-------++-------
Melee: Whip              |    11 |     1 |       |       ||    12
       Unarmed           |     2 |       |       |       ||     2
       Trident           |       |     8 |     1 |       ||     9
       Flail             |       |       |    55 |    23 ||    78
 Cast: Foxfire           |    66 |    89 |    86 |     4 ||   245
       Scorch            |    14 |    24 |    49 |    12 ||    99
       Kindle Blastspark |     3 |       |     2 |       ||     5
       Shock             |       |       |     2 |       ||     2
       Flame Wave        |       |       |    12 |    31 ||    43
       Ensorcelled Hiber |       |       |     2 |     1 ||     3
  Use: Scroll            |     6 |     4 |     7 |       ||    17
 Stab: Sleeping          |       |     1 |     2 |       ||     3
Armor: Robe              |     8 |     2 |    33 |       ||    43
       Ring mail         |       |       |     3 |    48 ||    51
Dodge: Dodged            |    31 |     3 |    69 |    62 ||   165

Table legend: (Time is in decaauts)
 A = Elapsed time spent in this place.
 B = Non-inter-level travel time spent in this place.
 C = Inter-level travel time spent in this place.
 D = Time resting spent in this place.
 E = Time spent auto-exploring this place.
 F = Levels seen in this place.
 G = Mean time per level.
                   A        B        C        D        E       F      G
               +--------+--------+--------+--------+--------+-----+--------+
         Total |   9661 |   8985 |    676 |    497 |   7044 |  12 |  805.1 |
       Dungeon |   8838 |   8162 |    676 |    497 |   6537 |  10 |  883.8 |
         Sewer |    370 |    370 |      0 |      0 |    223 |   1 |  370.0 |
       Ossuary |    453 |    453 |      0 |      0 |    284 |   1 |  453.0 |
               +--------+--------+--------+--------+--------+-----+--------+

Top non-repeatable levels by time:
     D:1: 1462 daAuts
     D:4: 1340 daAuts
     D:7: 1103 daAuts
     D:3: 918 daAuts
     D:8: 904 daAuts
     D:2: 876 daAuts
     D:6: 725 daAuts
     D:5: 716 daAuts
     D:9: 689 daAuts
 Ossuary: 453 daAuts
   Sewer: 370 daAuts
    D:10: 102 daAuts
